 Dungeon Crawl Stone Soup version 0.24.0-124-g2791043dd8 (webtiles) character file.

Game seed: 178329241932479799, levelgen mode: deterministic

15 1994 the Sneak (level 2, -1/21 HPs)
             Began as a Demonspawn Wanderer on Feb 15, 2020.
             Slain by an adder (2 damage)
             ... on level 2 of the Dungeon.
             The game lasted 00:02:51 (1158 turns).

1994 the Sneak (Demonspawn Wanderer)                Turns: 1158, Time: 00:02:52

Health: -1/21      AC:  5    Str: 12    XL:     2   Next: 34%
Magic:  3/3        EV: 10    Int: 13    God:
Gold:   34         SH:  0    Dex: 12    Spells: 3/3 levels left

rFire    . . .     SeeInvis .   a - +2 quarterstaff
rCold    . . .     Gourm    .   (shield currently unavailable)
rNeg     . . .     Faith    .   l - +0 ring mail
rPois    .         Spirit   .   (helmet restricted)
rElec    .         Reflect  .   (no cloak)
rCorr    .         Harm     .   (no gloves)
MR       .....                  (no boots)
Stlth    +.........             (no amulet)
HPRegen  0.07/turn              (no ring)
MPRegen  0.08/turn              (no ring)

@: lethally poisoned (-1 -> -7)
A: antennae 1
a: no special abilities


You were on level 2 of the Dungeon.
You were not hungry.

You visited 1 branch of the dungeon, and saw 2 of its levels.

You collected 34 gold pieces.

Inventory:

Hand Weapons
 a - a +2 quarterstaff (weapon)
 b - a +0 falchion
 e - a +0 dagger
Missiles
 i - 50 stones (quivered)
 n - 7 poisoned darts
Armour
 l - a +0 ring mail (worn)
Scrolls
 c - 2 scrolls of teleportation
 h - a scroll of blinking {unknown}
 j - a scroll of identify {unknown}
 m - 3 scrolls of remove curse {unknown}
 o - a scroll of enchant weapon {unknown}
Potions
 g - a potion of cancellation {unknown}
 k - 2 potions of degeneration {unknown}
 p - a potion of flight {unknown}
Comestibles
 d - a chunk of flesh
 f - a ration


   Skills:
 + Level 1.3 Fighting
 - Level 2.6 Staves
 + Level 1.2 Dodging
 - Level 2.6 Stealth
   Level 1.0 Shields
 - Level 1.0 Spellcasting
   Level 2.0 Hexes


You had 3 spell levels left.
You didn't know any spells.
Your spell library was empty.

Dungeon Overview and Level Annotations

Branches:
Dungeon (2/15)

Altars:


Innate Abilities, Weirdness & Mutations

You have a pair of small antennae on your head.


Message History

You closely miss the adder.
The adder is moderately wounded.
You feel sick. The adder bites you.
* * * LOW HITPOINT WARNING * * *
You are lethally poisoned!
The adder poisons you! The adder misses you.
You closely miss the adder.
The adder is moderately wounded.
The adder bites you.
* * * LOW HITPOINT WARNING * * *
The adder bites you but does no damage.
You closely miss the adder.
The adder is moderately wounded.
* * * LOW HITPOINT WARNING * * *
You feel sick. The adder bites you but does no damage.
You miss the adder.
The adder is moderately wounded.
* * * LOW HITPOINT WARNING * * *
You feel sick. The adder bites you but does no damage. The adder bites you.
You die...

.######.#.# ..#
........#.#
....##.######....#
...##. #.####
.%.##.######.# #
...##........# #.
#...#......###
#..##.#.#......#
#.>S@...#......# ###
#.###.###......# #..
#.....###......# #..
##.............# #..
#.............####..
+...)............'..
#..........#######..
#..........# #..
#.........†# #..


You could see an adder.

Vanquished Creatures
  A leopard gecko (D:1)
  A goblin (D:1)
  A hobgoblin (D:1)
  4 kobolds
  3 bats
  2 frilled lizards
  A rat (D:2)
13 creatures vanquished.

Notes
Turn   | Place    | Note
-------+----------+-------------------------------------------
     0 | D:1      | 1994 the Demonspawn Wanderer began the quest for the Orb.
     0 | D:1      | 1994 set off with the following items: a +2 quarterstaff, a
                  | +0 falchion, a scroll of teleportation, a +0 robe, a +0
                  | dagger, a ration
     0 | D:1      | Reached XP level 1. HP: 13/13 MP: 2/2
   606 | D:1      | Reached skill level 1 in Fighting
   653 | D:1      | Reached skill level 1 in Dodging
   653 | D:1      | Gained mutation: You have a pair of small antennae on your
                  | head. [demonic ancestry]
   653 | D:1      | Reached XP level 2. HP: 21/21 MP: 3/3
  1158 | D:2      | HP: 1/21 [poisoned by an adder]
  1158 | D:2      | Slain by an adder

Levels and vault maps discovered:
D:1:      sevenhm_arrival_forest_fort_small_3, layout_loops_corners
D:2:      layout_basic, zin_scriptorium

Skill      XL: |  1 |
---------------+----+-----
Fighting       | 1 |  1.3
Dodging        | 1 |  1.2
Staves         | |  2.6
Stealth        | |  2.6
Shields        | |  1.0
Spellcasting   | |  1.0
Hexes          | |  2.0

Action                   || total
-------------------------++-------
Melee: Quarterstaff      ||    41
 Stab: Sleeping          ||     2
  Eat: Chunk             ||     1
Armor: Ring mail         ||    15
       Leather armour    ||     4
Dodge: Dodged            ||    24
